 Dungeon Crawl Stone Soup version 0.30.0-20-g3615ddf2f0 (webtiles) character file.

Game seed: 8047767329985516715

88 qw the Chopper (level 4, -3/28 HPs)
             Began as a Gargoyle Fighter on May 29, 2023.
             Slain by an orc priest
             ... wielding a +0 flail
              (8 damage)
             ... on level 3 of the Dungeon.
             The game lasted 00:00:45 (1873 turns).

qw the Chopper (Gargoyle Fighter)                   Turns: 1873, Time: 00:00:46

Health: -3/28      AC: 13    Str: 27    XL:     4   Next: 54%
Magic:  4/4        EV:  8    Int:  9    God:
Gold:   121        SH:  4    Dex:  9    Spells: 3/3 levels left

rFire   . . .        Y - +0 war axe
rCold   . . .        c - +0 buckler
rNeg    + . .        k - +0 chain mail
rPois   inf          (no helmet)
rElec   +            (no cloak)
rCorr   .            e - +0 pair of gloves
SInv    .            (no boots)
Will    .....        (no amulet) Stlth
                     h - +6 ring of strength
HPRegen 0.24/turn    (no ring)
MPRegen 0.09/turn

%: no passive effects
@: no status effects
A: sickness immunity, AC +3, negative energy resistance 1, electricity
resistance, torment resistance 1, petrification resistance
a: no special abilities


You were on level 3 of the Dungeon.
You visited 1 branch of the dungeon, and saw 3 of its levels.

You collected 121 gold pieces.


Innate Abilities, Weirdness & Mutations

You are immune to sickness and miasma.
Your stone body is resilient. (AC +3)
You are immune to poison.
You resist negative energy. (rN+)
You are resistant to electric shocks. (rElec)
You are resistant to unholy torment.
You are immune to petrification.


   Skills:
 - Level 3.2 Fighting
 + Level 4.2 Axes
 - Level 3.2 Armour
 - Level 3.2 Shields


You had 3 spell levels left.
You didn't know any spells.
Your spell library was empty.

Inventory:

Hand Weapons
 g - a +0 whip
 Y - a +0 war axe (weapon)
Armour
 c - a +0 buckler (worn)
 e - a +0 pair of gloves (worn)
 k - a +0 chain mail (worn)
Jewellery
 h - a +6 ring of strength (left hand)
Wands
 a - a wand of digging (5)
Scrolls
 l - a scroll of identify
Potions
 d - a potion of might
 f - a potion of haste {unknown}
 i - a potion of flight {unknown}
 j - a potion of resistance {unknown}

Dungeon Overview and Level Annotations

Branches:
Dungeon (3/15)

Altars:

Shops:
D:2 (


Message History

The adder bites you. x2
You slash the adder!
You kill the adder!
You slash the orc!
You kill the orc!
The orc priest barely misses you.
You hit the orc priest but do no damage.
The orc priest hits you with a +0 flail.
You closely miss the orc priest.
The orc priest hits you but does no damage.
You slash the orc priest!
The orc priest is severely wounded.
The orc priest mumbles some strange prayers to Beogh against you.
Pain shoots through your body!
You hit the orc priest.
The orc priest is severely wounded.
The orc priest barely misses you.
The orc priest mumbles some strange prayers to Beogh against you.
Beogh smites you! The orc priest barely misses you.
1869 ||| DRINKING potion of heal wounds.
You feel much better.
The orc priest hits you but does no damage.
You closely miss the orc priest.
The orc priest is severely wounded.
The orc priest hits you with a +0 flail.
You hit the orc priest but do no damage.
The orc priest is severely wounded.
The orc priest mumbles some strange prayers to Beogh against you.
Beogh smites you!
The orc priest calls down the wrath of Beogh upon you.
Beogh smites you!
The orc priest mumbles some strange prayers to Beogh against you.
You are unaffected.
You barely miss the orc priest.
The orc priest is severely wounded.
The orc priest hits you but does no damage.
You hit the orc priest.
The orc priest is almost dead.
The orc priest hits you with a +0 flail!
You die...

#.......#.#...##
####.#####.#.#.#..# o
#..........#......# ..
#..).(............# og
#.<#.....###...#.## #.
#(.###....##.###.#
#.............##.#...#
#...########..##.#.###
#.##oo@......###...#
.. #.######### ##### .
#. #. .. ##


You could see 2 orc priests.

Vanquished Creatures
  A hound (D:3)
  2 adders
  An orc (D:3)
  3 ball pythons
  5 bats
  3 endoplasms (D:1)
  7 goblins
  3 hobgoblins
  3 jackals (D:1)
  4 kobolds
  A quokka (D:1)
  A frilled lizard (D:2)
  5 rats
39 creatures vanquished.

Notes
Turn   | Place    | Note
-------+----------+-------------------------------------------
     0 | D:1      | qw the Gargoyle Fighter began the quest for the Orb.
     0 | D:1      | Reached XP level 1. HP: 14/14 MP: 1/1
     0 | D:1      | 0 ||| qw: Version: 0.2-a-102-g2b76a06
     0 | D:1      | 0 ||| qw: Game counter: 424
     0 | D:1      | 0 ||| qw: Always use a shield: true
     0 | D:1      | 0 ||| qw: God list: Okawaru
     0 | D:1      | 0 ||| qw: Allow faded altars: false
     0 | D:1      | 0 ||| qw: Do Orc after D:15 true
     0 | D:1      | 0 ||| qw: Do second Lair branch before Depths: true
     0 | D:1      | 0 ||| qw: Lair rune preference: random
     0 | D:1      | 0 ||| qw: Plans: Normal, Zot:1-4, Slime:5, God:TSO, Crypt,
                  | Tomb, Pan, Hells, Abyss, Win
     0 | D:1      | 0 ||| PLANNING D:1-11
   115 | D:1      | Found a faded altar of an unknown god.
   123 | D:1      | Reached skill level 2 in Axes
   206 | D:1      | Reached XP level 2. HP: 15/19 MP: 2/2
   254 | D:1      | 254 ||| Stepping ~*~*~tactically~*~*~ (stealth).
   255 | D:1      | 255 ||| Stepping ~*~*~tactically~*~*~ (stealth).
   351 | D:1      | 351 ||| Stepping ~*~*~tactically~*~*~ (stealth).
   659 | D:1      | Reached skill level 3 in Axes
   680 | D:1      | Reached XP level 3. HP: 23/23 MP: 3/3
   707 | D:1      | 707 ||| UPGRADING to +0 chain mail.
   717 | D:1      | 717 ||| DROPPING +0 scale mail.
   718 | D:1      | 718 ||| READING scroll labelled VIUCVA GALINUWUA.
   721 | D:1      | 721 ||| READING scroll labelled NINUARONWO.
   722 | D:1      | 722 ||| READING scroll labelled AHID BYHU WIH.
  1029 | D:2      | Found Buaseuc's Weapon Boutique.
  1038 | D:2      | 1038 ||| SHOPLISTING +2 whip of freezing (165 gold, have
                  | 80).
  1637 | D:2      | 1637 ||| UPGRADING to +0 pair of gloves.
  1642 | D:2      | 1642 ||| UPGRADING to +6 ring of strength.
  1643 | D:2      | 1643 ||| READING scroll labelled ZUUFOE BAPTOZ.
  1744 | D:2      | 1744 ||| DRINKING 2 fizzy ruby potions.
  1768 | D:3      | 1768 ||| PLANNING SEWER
  1792 | D:3      | 1792 ||| Stepping ~*~*~tactically~*~*~ (hiding).
  1854 | D:3      | Reached skill level 4 in Axes
  1854 | D:3      | Reached XP level 4. HP: 28/28 MP: 4/4
  1856 | D:3      | 1856 ||| Stepping ~*~*~tactically~*~*~ (hiding).
  1868 | D:3      | HP: 7/28 [orc priest/divine providence (11)]
  1869 | D:3      | 1869 ||| DRINKING potion of heal wounds.
  1873 | D:3      | Slain by an orc priest

Levels and vault maps discovered:
D:1:      nagdon_arrival_double_spiral, layout_basic,
          hellmonk_ecumenical_altar_heavens_door
D:2:      layout_basic, serial_shops, shop_statue
D:3:      layout_basic, tgw_trog, marbit_many_paths, portal_sewer_entry_f,
          minivault_24, grunt_decor_junction, uniq_ijyb, uniq_jessica

Skill      XL: |  1  2  3 |
---------------+----------+-----
Axes           | 2 3 4 |  4.2
Fighting       | |  3.2
Armour         | |  3.2
Shields        | |  3.2

Action                     |  1- 3 |  4- 6 || total
---------------------------+-------+-------++-------
  Melee: War axe           |    89 |    18 ||   107
    Use: Scroll            |     4 |       ||     4
         Potion            |     1 |     1 ||     2
 Armour: Scale mail        |    22 |       ||    22
         Chain mail        |    42 |     9 ||    51
  Dodge: Dodged            |    29 |     7 ||    36
  Block: Buckler           |    18 |     1 ||    19

Table legend:
 A = Non-vault XP
 B = Vault XP
 C = Vault XP percentage of total XP
 D = Non-vault monster count
 E = Vault monster count
 F = Vault count percentage of total count
                 A         B        C        D         E       F
            +---------+---------+-------+---------+---------+-------
      Total |     127 |       0 |   0.0 |      39 |       0 |   0.0
            +---------+---------+-------+---------+---------+-------
        D:1 |      34 |       0 |   0.0 |      20 |       0 |   0.0
        D:2 |      28 |       0 |   0.0 |      12 |       0 |   0.0
        D:3 |      65 |       0 |   0.0 |       7 |       0 |   0.0
            +---------+---------+-------+---------+---------+-------
